 Dungeon Crawl Stone Soup version 0.30-a0-1164-ge08a67761e (webtiles) character file.

Game seed: 8955539637557066910

389 backslashecho the Chopper (level 6, -5/26 (48) HPs)
             Began as a Demonspawn Reaver on Apr 29, 2023.
             Slain by Pikel
             ... wielding a +0 whip of electrocution
              (14 damage)
             ... on level 4 of the Dungeon.
             The game lasted 00:12:56 (3729 turns).

backslashecho the Chopper (Demonspawn Reaver)       Turns: 3729, Time: 00:12:57

HP:   -5/26 (48)    AC:  5    Str: 13    XL:     6   Next: 50%
MP:   9/10          EV: 11    Int: 16    God:
Gold: 168           SH:  3    Dex: 11    Spells: 10/11 levels left

rFire   . . .        a - +0 flail
rCold   . . .        t - +0 buckler
rNeg    . . .        A - +0 leather armour
rPois   .            (no helmet)
rElec   .            o - +0 cloak
rCorr   .            h - +0 pair of gloves
SInv    .            (no boots)
Will    .....        (no amulet)
Stlth   +            (no ring)
HPRegen 0.24/turn    (no ring)
MPRegen 0.12/turn

%: no passive effects
@: very heavily drained
A: claws 1, demonic guardian 2
a: no special abilities


You were on level 4 of the Dungeon.
You visited 1 branch of the dungeon, and saw 4 of its levels.

You collected 168 gold pieces.

Inventory:

Hand Weapons
 a - a +0 flail (weapon)
 b - a +0 whip
Missiles
 y - 3 poisoned darts (quivered)
Armour
 h - a +0 pair of gloves (worn)
 o - a +0 cloak (worn)
 t - a +0 buckler (worn)
 x - a +0 ring mail of positive energy
 A - a +0 leather armour (worn)
Jewellery
 i - a ring of magical power
Wands
 q - a wand of flame (57)
Scrolls
 d - 5 scrolls of identify {unknown}
 e - 2 scrolls of amnesia {unknown}
 g - 2 scrolls of teleportation {unknown}
 k - 3 scrolls of fog {unknown}
 m - a scroll of torment {unknown}
 n - a scroll of enchant armour {unknown}
 p - a scroll of magic mapping {unknown}
 s - 2 scrolls of blinking {unknown}
 v - a scroll of brand weapon {unknown}
Potions
 c - a potion of cancellation
 f - 2 potions of curing {unknown}
 j - a potion of haste {unknown}
 l - a potion of flight {unknown}
 r - a potion of ambrosia {unknown}
 u - a potion of heal wounds {unknown}
 w - a potion of magic {unknown}
 z - 2 potions of brilliance {unknown}


   Skills:
 + Level 3.6 Fighting
 - Level 4.7 Axes
 * Level 0.7(3.0) Maces & Flails
 - Level 2.0 Dodging
 - Level 3.0 Spellcasting
 - Level 3.0 Conjurations
 + Level 2.9 Necromancy


You had 10 spell levels left.
You knew the following spells:

 Your Spells              Type           Power      Damage    Failure   Level
a - Kiss of Death         Conj/Necr      44%        2d8       11%         1

Your spell library contained the following spells:

 Spells                   Type           Power      Damage    Failure   Level
 Momentum Strike          Conj/Tloc      14%        3d8       28%         2
 Hailstorm                Conj/Ice       7%         3d4       50%         3
 Animate Armour           Summ/Erth      4%         N/A       98%         4
 Blade Hands              Tmut           1%         N/A       100%        5
 Iron Shot                Conj/Erth      3%         9d2       100%        6


Dungeon Overview and Level Annotations

Branches:
Dungeon (4/15)
 Temple: D:4-7

Altars:
Ru
Trog

Shops:
D:4 *

Annotations:
D:3 exclusion: downstairs
D:4 1 exclusion, Pikel


Innate Abilities, Weirdness & Mutations

You have sharp fingernails.
A demonic guardian rushes to your aid.


Message History

The floor.
Unknown command.
Throw: 9 darts (poison)
Press: ? - help, Q - select action, (/) - cycle Shift-Dir - straight line, f - Pikel
Aim: Pikel, wielding a +0 whip of electrocution and wearing a +0 robe (wandering, hasn't noticed you, 47% to hit)
Okay, then.
You throw a poisoned dart. The poisoned dart misses Pikel.
Pikel shouts!
You throw a poisoned dart. The poisoned dart hits Pikel.
A lemure comes into view.
You throw a poisoned dart. The poisoned dart closely misses Pikel.
The poisoned dart hits the lemure.
The lemure shouts!
You hear a shout!
You throw a poisoned dart. The poisoned dart barely misses Pikel.
You throw a poisoned dart. The poisoned dart hits Pikel.
Pikel is poisoned.
You throw a poisoned dart. The poisoned dart barely misses Pikel.
The poisoned dart hits the lemure.
The lemure is poisoned.
Okay, then.
Casting: Kiss of Death (safe; 11% risk of failure)
Confirm with . or Enter, or press ? or * to list all spells.
Aiming: Kiss of Death (safe; 11% risk of failure)
Press: ? - help, Shift-Dir - straight line, f/p - Pikel
Aim: Pikel, wielding a +0 whip of electrocution and wearing a +0 robe (lightly wounded, poisoned, 100% to hit)
The negative energy hits Pikel.
Pikel is drained!
Pikel is lightly wounded.
You feel drained.
Pikel looks more healthy.
Pikel says, "Hell isn't that bad."
Pikel closely misses you.
You take 7 damage, and have 26/26 hp.
MASSIVE DAMAGE!!
You now have 9/10 mp.
You barely miss Pikel.
Pikel is lightly wounded.
Pikel hits you with a +0 whip of electrocution!
Pikel hits you with a +0 whip of electrocution.
You take 14 damage, and have 12/26 hp.
MASSIVE DAMAGE!!
You barely miss Pikel.
Pikel is lightly wounded.
Pikel hits you with a +0 whip of electrocution.
You are electrocuted!
Ouch! That really hurt!
You die...

##
#.###############
#...55K@........#
#.###########.###
... #.# ###5 #.#
#( .#########.###
#. .............#
(. ........######
(. .......<....#
......#.###.#


You could see Pikel (drained) and 2 lemures.

Vanquished Creatures
  A scorpion (D:4)
  A jelly (D:4)
  A sleepcap (D:4)
  An adder (D:2)
  An ufetubus (D:4)
  A dart slug (D:2)
  13 orcs
  4 endoplasms
  2 giant cockroaches
  4 hobgoblins
  4 jackals (D:1)
  A quokka (D:2)
  5 ball pythons
  3 bats
  5 frilled lizards
  8 goblins
  4 kobolds
  2 rats
61 creatures vanquished.

Vanquished Creatures (collateral kills)
  A black bear (D:4)
  An orc priest (D:4)
  An orc wizard (D:4)
  Ijyb (D:3)
  3 orcs
  A goblin (D:4)
  2 kobolds (D:4)
  A quokka (D:4)
11 creatures vanquished.

Grand Total: 72 creatures vanquished

Notes
Turn   | Place    | Note
-------+----------+-------------------------------------------
     0 | D:1      | backslashecho the Demonspawn Reaver began the quest for the
                  | Orb.
     0 | D:1      | Reached XP level 1. HP: 16/16 MP: 3/3
   131 | D:1      | Gained mutation: You have sharp fingernails. [demonic
                  | ancestry]
   131 | D:1      | Reached XP level 2. HP: 15/18 MP: 5/5
   142 | D:1      | Reached skill level 3 in Axes
   284 | D:1      | Found a faded altar of an unknown god.
  1077 | D:2      | Gained mutation: A weak demonic guardian rushes to your
                  | aid. [demonic ancestry]
  1077 | D:2      | Reached XP level 3. HP: 12/24 MP: 4/6
  1709 | D:3      | Noticed Ijyb
  1720 | D:3      | Killed Ijyb
  1721 | D:3      | Reached skill level 1 in Necromancy
  1721 | D:3      | Gained mutation: A demonic guardian rushes to your aid.
                  | [demonic ancestry]
  1721 | D:3      | Reached XP level 4. HP: 22/29 MP: 5/7
  1990 | D:3      | HP: 1/31 [orc/+0 dagger (1)]
  2263 | D:3      | Found a sacrificial altar of Ru.
  2351 | D:4      | Noticed Pikel
  2351 | D:4      | Noticed a lemure
  2351 | D:4      | Noticed a lemure
  2351 | D:4      | Noticed a lemure
  2481 | D:4      | Reached XP level 5. HP: 16/30 MP: 9/9
  2608 | D:4      | Noticed a black bear
  2642 | D:4      | Killed a black bear
  2643 | D:4      | Reached skill level 4 in Axes
  2834 | D:4      | Reached XP level 6. HP: 21/36 MP: 8/10
  3573 | D:4      | Found a bloodstained altar of Trog.
  3657 | D:4      | Found Cinydoasm's General Store.
  3729 | D:4      | Slain by Pikel

Illustrated notes

Levels and vault maps discovered:
D:1:      amcnicky_arrival_choice, layout_rooms,
          ebering_ecumenical_altar_abandoned, hangedman_decor_peaks_small
D:2:      layout_loops_ring, minmay_fountain_box, nrook_mini_backslash,
          nicolae_eternal_life
D:3:      layout_rooms, zin_statuary, nicolae_ru_the_path_less_chosen,
          glass_columns_c, uniq_ijyb
D:4:      layout_basic, trog_book, serial_shops, shop, serial_curves,
          eino_curves_03, eino_curves_02, hangedman_decor_push,
          minmay_box_of_dots, uniq_pikel

Skill      XL: |  1  2  3  4  5 |
---------------+----------------+-----
Axes           | 3 4 |  4.7
Dodging        | 2 |  2.0
Necromancy     | 1 2 |  2.9
Fighting       | 3 |  3.6
Spellcasting   | 3 |  3.0
Maces & Flails | |  0.7
Conjurations   | |  3.0

Action                     |  1- 3 |  4- 6 || total
---------------------------+-------+-------++-------
  Melee: Hand axe          |    89 |   136 ||   225
         Punch             |       |     1 ||     1
         Flail             |       |    15 ||    15
  Throw: Dart              |       |     6 ||     6
   Cast: Kiss of Death     |     4 |     7 ||    11
  Evoke: Wand              |       |     1 ||     1
    Use: Potion            |       |     1 ||     1
   Stab: Sleeping          |     1 |       ||     1
         Distracted        |       |     1 ||     1
 Armour: Leather armour    |    38 |    61 ||    99
  Dodge: Dodged            |    77 |    94 ||   171
  Block: Buckler           |       |    15 ||    15

Table legend: (Time is in decaauts)
 A = Elapsed time spent in this place.
 B = Non-inter-level travel time spent in this place.
 C = Inter-level travel time spent in this place.
 D = Time resting spent in this place.
 E = Time spent auto-exploring this place.
 F = Levels seen in this place.
 G = Mean time per level.
                   A        B        C        D        E       F      G
               +--------+--------+--------+--------+--------+-----+--------+
         Total |   3773 |   3531 |    242 |    552 |   2110 |   4 |  943.2 |
       Dungeon |   3773 |   3531 |    242 |    552 |   2110 |   4 |  943.2 |
               +--------+--------+--------+--------+--------+-----+--------+

Top non-repeatable levels by time:
     D:4: 1283 daAuts
     D:2: 1002 daAuts
     D:3: 746 daAuts
     D:1: 740 daAuts
